Workbook

Sheet Memória Cálculo
A1: PLANILHA DE CUSTOS E FORMAÇÃO DE PREÇOS
A2: FORMAÇÃO DE CUSTO MENSAL PARA UM EMPREGADO - AUXILIAR DE SERVIÇOS GERAIS - POLICLÍNICA/ESF CIDADE DO CASTELO/SECRETARIA DE SAÚDE - 40 HORAS
A3: DADOS DA CONTRATAÇÃO
A4: Processo de Contratação nº | B4: XX/2025 | C4: Pregão Eletrônico nº | E4: XX | F4: Data de abertura | G4: Horário
C5: Dispensa de Licitação nº | E5: XX | F5: XX/XX/2025 | G5: XX
A6: Categoria | B6: Auxiliar de Serviços Gerais | C6: CBO | D6: 5143 | F6: Carga horária contratada | G6: 40
A7: Convenção Coletiva | B7: RS000040/2025 | C7: Data base da categoria | E7: 1º janeiro de 2025 | F7: Divisor | G7: =G6/6*30 -> 200
A8: Salário Normativo | B8: 1653.58 | C8: Salário proporcional carga horária contratada | D8: =B8/220*200 -> 1503.2545 | F8: Dias efetivamente trabalhados | G8: 21
A9: Auxílio Alimentação | C9: Vale Lanche | E9: Vale Transporte | H9: Plano de Benefício Social
A10: Valor | B10: % desconto | C10: Valor | D10: % desconto | E10: Valor | F10: % desconto | G10: Base Cálculo | H10: Valor
A11: 25.42 | B11: 0.19 | C11: 0 | D11: 0 | E11: 0 | F11: 0 | G11: =B21 -> 1503.2545 | H11: 24.1
C12: Insalubridade
C13: Máximo | D13: Médio | E13: Mínimo
A14: Nº meses do contrato | B14: 12 | C14: 0.4 | D14: 0.2 | E14: 0.1
A15: Nº estimado de empregados | B15: 2
A17: MÓDULO 1 - REMUNERAÇÃO
A19: SALÁRIO BASE
A20: SALÁRIO BASE - CONTRATADO | C20: Nº estimado de empregados
A21: Cargo A - Auxiliar de Serviços Gerais - CBO 5143 | B21: =D8 -> 1503.2545 | C21: =B15 -> 2
A22: Total | C22: =SUM(C21:C21) -> 2
A24: ADICIONAIS (periculosidade ou insalubridade, se houver)
A25: ADICIONAL DE INSALUBRIDADE - C. 17
A26: Categoria | B26: Base de cálculo | C26: Percentual | D26: Valor
A27: =A21 -> Cargo A - Auxiliar de Serviços Gerais - CBO 5143 | B27: =D8 -> 1503.2545 | C27: 0.4 | D27: =B27*C27 -> 601.30182
A29: MÓDULO 1 - REMUNERAÇÃO
A31: MÓDULO 1 - REMUNERAÇÃO
A32: Categoria | B32: Salário Base | C32: Gratificação de função | D32: Adicional de Insalubridade | E32: Adicional Noturno | F32: Adicional | G32: Total
A33: =A21 -> Cargo A - Auxiliar de Serviços Gerais - CBO 5143 | B33: =B21 -> 1503.2545 | C33: 0 | D33: =D27 -> 601.30182 | E33: 0 | F33: 0 | G33: =SUM(B33:F33) -> 2104.5564
A35: MÓDULO 2 - ENCARGOS E BENEFÍCIOS (ANUAIS, MENSAIS E DIÁRIOS)
A37: SUBMÓDULO 2.1 – 13° SALÁRIO, FÉRIAS E ADICIONAL DE FÉRIAS
A39: 13° SALÁRIO Previsto no Decreto 57.155, de 1965.
A40: Categoria | B40: Base de cálculo | C40: Provisionamento Mensal | D40: Valor
A41: =A21 -> Cargo A - Auxiliar de Serviços Gerais - CBO 5143 | B41: =G33 -> 2104.5564 | C41: =1/12 -> 0.083333333 | D41: =B41*C41 -> 175.3797
A43: FÉRIAS Previsto no art. 7° da Constituição Federal
A44: Categoria | B44: Base de cálculo | C44: Provisionamento Mensal | D44: Valor
A45: =A21 -> Cargo A - Auxiliar de Serviços Gerais - CBO 5143 | B45: =G33 -> 2104.5564 | C45: =1/12 -> 0.083333333 | D45: =B45*C45 -> 175.3797
A47: ADICIONAL DE FÉRIAS - 1/3 CONSTITUCIONAL
A48: Categoria | B48: Base de cálculo | C48: Alíquota Adicional | D48: Provisionamento Mensal | E48: Valor
A49: =A21 -> Cargo A - Auxiliar de Serviços Gerais - CBO 5143 | B49: =G33 -> 2104.5564 | C49: =1/3 -> 0.33333333 | D49: =1/12 -> 0.083333333 | E49: =B49*C49*D49 -> 58.459899
A51: SUBMÓDULO 2.1 – 13° SALÁRIO, FÉRIAS E ADICIONAL DE FÉRIAS
A52: Categoria | B52: 13° Salário | C52: Férias | D52: 1/3 Constitucional | E52: Total
A53: =A21 -> Cargo A - Auxiliar de Serviços Gerais - CBO 5143 | B53: =D41 -> 175.3797 | C53: =D45 -> 175.3797 | D53: =E49 -> 58.459899 | E53: =SUM(B53:D53) -> 409.21929
A55: SUBMÓDULO 2.2 - ENCARGOS PREVIDENCIÁRIOS E FGTS
A57: COMPOSIÇÃO DO GPS E FGTS
A58: Encargos | B58: Percentual
A59: INSS - empregador | B59: 0.2
A60: Salário-Educação | B60: 0.025
A61: SAT- GIL/RAT | B61: 0.03
A62: SESC | B62: 0.015
A63: SENAC | B63: 0.01 | R63: 10
A64: SEBRAE | B64: 0.006
A65: INCRA | B65: 0.002
A66: FGTS | B66: 0.08
A67: TOTAL | B67: =SUM(B59:B66) -> 0.368
A69: GPS - GUIA DA PREVIDÊNCIA SOCIAL
A70: Categoria | B70: Base de cálculo | C70: Percentual | D70: Valor
A71: =A53 -> Cargo A - Auxiliar de Serviços Gerais - CBO 5143 | B71: =G33+E53 -> 2513.7757 | C71: =SUM($B$59:$B$65) -> 0.288 | D71: =B71*C71 -> 723.96739
A73: FGTS - FUNDO DE GARANTIA POR TEMPO DE SERVIÇO
A74: Categoria | B74: Base de cálculo | C74: Percentual | D74: Valor
A75: =A21 -> Cargo A - Auxiliar de Serviços Gerais - CBO 5143 | B75: =G33+E53 -> 2513.7757 | C75: =$B$66 -> 0.08 | D75: =B75*C75 -> 201.10205
A77: SUBMÓDULO 2.2 - ENCARGOS PREVIDENCIÁRIOS E FGTS
A78: Categoria | B78: GPS | C78: FGTS | D78: Total
A79: =A21 -> Cargo A - Auxiliar de Serviços Gerais - CBO 5143 | B79: =D71 -> 723.96739 | C79: =D75 -> 201.10205 | D79: =B79+C79 -> 925.06944
A81: SUBMÓDULO 2.3 - BENEFÍCIOS MENSAIS E DIÁRIOS
A83: AUXÍLIO ALIMENTAÇÃO - C. 19
A84: Categoria | B84: Valor diário | C84: Dias efetivamente trabalhados | D84: Valor
A85: =A21 -> Cargo A - Auxiliar de Serviços Gerais - CBO 5143 | B85: =A11 -> 25.42 | C85: 21 | D85: =B85*C85 -> 533.82
A87: DESCONTO DO AUXÍLIO ALIMENTAÇÃO
A88: Categoria | B88: Base de cálculo | C88: Percentual | D88: Desconto
A89: =A85 -> Cargo A - Auxiliar de Serviços Gerais - CBO 5143 | B89: =D85 -> 533.82 | C89: =B11 -> 0.19 | D89: =B89*C89 -> 101.4258
A91: CUSTO EFETIVO DO AUXÍLIO ALIMENTAÇÃO
A92: Categoria | B92: Custo total | C92: Desconto | D92: Custo efetivo
A93: =A21 -> Cargo A - Auxiliar de Serviços Gerais - CBO 5143 | B93: =D85 -> 533.82 | C93: =D89 -> 101.4258 | D93: =B93-C93 -> 432.3942
A95: PLANO DE BENEFÍCIO SOCIAL FAMILIAR
A96: PBSF - C. 30
A97: Categoria | B97: Custo total | C97: Desconto | D97: Custo efetivo
A98: =A21 -> Cargo A - Auxiliar de Serviços Gerais - CBO 5143 | B98: =H11 -> 24.1 | C98: 0 | D98: =B98 -> 24.1
A100: SUBMÓDULO 2.3 - BENEFÍCIOS MENSAIS E DIÁRIOS
A101: Categoria | B101: Vale Transporte | C101: Auxílio Alimentação | D101: PBSF | E101: Outros (Especificar) | F101: Total
A102: =A21 -> Cargo A - Auxiliar de Serviços Gerais - CBO 5143 | B102: 0 | C102: =D93 -> 432.3942 | D102: =D98 -> 24.1 | E102: 0 | F102: =SUM(B102:E102) -> 456.4942
A104: MÓDULO 2 - ENCARGOS E BENEFÍCIOS (ANUAIS, MENSAIS E DIÁRIOS)
A106: MÓDULO 2 - ENCARGOS E BENEFÍCIOS (ANUAIS, MENSAIS E DIÁRIOS)
A107: Categoria | B107: Submódulo 2.1 | C107: Submódulo 2.2 | D107: Submódulo 2.3 | E107: Total
A108: =A21 -> Cargo A - Auxiliar de Serviços Gerais - CBO 5143 | B108: =E53 -> 409.21929 | C108: =D79 -> 925.06944 | D108: =F102 -> 456.4942 | E108: =SUM(B108:D108) -> 1790.7829
A110: MÓDULO 3 - PROVISÃO PARA RESCISÃO
A112: PERCENTUAIS POR TIPO DE DESLIGAMENTO
A113: Tipos | B113: Percentual
A114: Demissão SEM justa Causa | B114: ='Caged-Limpeza'!G27 -> 0.50204733
A115: SEM justa Causa AP INDENIZADO | B115: =B114*45% -> 0.2259213
A116: SEM justa Causa AP TRABALHADO | B116: =B114*55% -> 0.27612603
A117: Demissão COM justa Causa | B117: ='Caged-Limpeza'!G26 -> 0.017123106
A118: Desligamentos OUTROS TIPOS | B118: ='Caged-Limpeza'!H28 -> 0.48082957
A119: TOTAL | B119: =SUM(B115:B118) -> 1
A121: SUBMÓDULO 3.1 - AVISO PRÉVIO INDENIZADO
A123: AVISO PRÉVIO INDENIZADO
A124: Categoria | B124: Base de cálculo | C124: Provisionamento Mensal | D124: Valor
A125: =A21 -> Cargo A - Auxiliar de Serviços Gerais - CBO 5143 | B125: =G33+(E108-D71) -> 3171.3719 | C125: 12 | D125: =B125/C125 -> 264.28099
A128: SUBMÓDULO 3.1 - CUSTO DO AVISO PRÉVIO INDENIZADO
A129: Categoria | B129: Base de cálculo | C129: Percentual | D129: Valor
A130: =A21 -> Cargo A - Auxiliar de Serviços Gerais - CBO 5143 | B130: =D125 -> 264.28099 | C130: 0.2259 | D130: =B130*C130 -> 59.701076
...

Sheet APRESENTAÇÃO
A1: Estado do Rio Grande do Sul
A2: Prefeitura Municipal de Pedras Altas
A5: PLANILHA DE CUSTOS E FORMAÇÃO DE PREÇOS
A6: de acordo com a Lei 14.133/2021 - Nova Lei de Licitações
A8: INTRODUÇÃO: | B8: De maneira geral as Planilhas de Custos e Formação de Preços são documentos a serem utilizados para detalhar os componentes de custo que incidem na formação do preço dos serviços, quando necessário adequado em função das peculiaridades dos serviços a que se destina, no caso de serviços continuados. É uma ferramenta de apoio para composição dos custos estimados de contratação e instrumento para apreciação da proposta do licitante na fase de seleção do fornecedor.
A10: OBJETIVO: | B10: Apurar o valor dos serviços de limpeza e serviços em gerais para atuarem na Secretaria Municipal de Saúde, ESF Cidade do Castelo e Policlínica Municipal, sendo 02 postos de trabalho pelo período de 12 meses.
A13: METODOLOGIA: | B13: Envolve identificar e classificar custos, detalhar etapas como coleta de dados e alocação de custos, incluir custos fixos e variáveis, aplicar margem de contribuição e formular o preço final. A definição de uma metodologia para a elaboração de uma planilha de custos e a formação de preços é essencial para garantir que todos os elementos que impactam o custo final de um produto ou serviço sejam identificados, mensurados e repassados ​​de forma transparente. Na elaboração desta planilha de custos e formação de preços foi utilizado como método: Levantamento e Classificação dos Custos; Classificação entre Custos Fixos e Variáveis; Cálculo do Custo Total do Serviço; Formação de Preço; Análise de Sensibilidade e Ponto de Equilíbrio; Monitoramento e Revisão Contínua.
A24: CONSIDERAÇÕES FINAIS: | B24: Ao longo do estudo, foi possível verificar que a utilização de uma planilha de custo bem elaborada proporciona maior controle financeiro, evita prejuízos e contribui para a competitividade no processo licitatório. A correta identificação e alocação dos custos, bem como a definição de margens de lucro coerentes, são fatores determinantes para a formação do preço. Além disso, a metodologia aplicada possibilita simulações e ajustes estratégicos, permitindo adaptações conforme as variações do mercado e as necessidades específicas da administração pública. Dessa forma, podem ser tomadas decisões embasadas, garantindo uma precificação justa tanto para a administração pública quanto para as empresas contratadas. Portanto, a planilha de custo e formação de preços se apresenta como um fator essencial para contratação de serviços no âmbito da administração pública, promovendo transparência e eficiência.

Sheet Planilha de Custos-Limpeza
A1: PLANILHA DE CUSTOS E FORMAÇÃO DE PREÇOS
A2: FORMAÇÃO DE CUSTO MENSAL PARA UM EMPREGADO - AUXILIAR DE SERVIÇOS GERAIS CBO 5143
A4: Módulo 1 - Composição da Remuneração
A6: 1 | B6: Composição da Remuneração | C6: Valor (R$)
A7: A | B7: Salário-Base (Adaptado para 40 horas semanais) | C7: ='Memória Cálculo'!B21 -> 1503.2545
A8: B | B8: Adicional de Periculosidade | C8: 0
A9: C | B9: Adicional de Insalubridade (40% s/salário base da categoria cfe. C17 da CCT) | C9: ='Memória Cálculo'!D33 -> 601.30182
A10: D | B10: Adicional Noturno | C10: 0
A11: Total | C11: =SUM(C7:C10) -> 2104.5564
A13: Módulo 2 - Encargos e Benefícios Anuais, Mensais e Diários
A15: Submódulo 2.1 - 13º (décimo terceiro) Salário, Férias e Adicional de Férias
A17: 2.1 | B17: 13º (décimo terceiro) Salário, Férias e Adicional de Férias | C17: Valor (R$)
A18: A | B18: 13º (décimo terceiro) Salário | C18: ='Memória Cálculo'!D41 -> 175.3797
A19: B | B19: Férias e Adicional de Férias | C19: ='Memória Cálculo'!C53+'Memória Cálculo'!D53 -> 233.8396
A20: Total | C20: =SUM(C18:C19) -> 409.21929
A22: Submódulo 2.2 - Encargos Previdenciários (GPS), Fundo de Garantia por Tempo de Serviço (FGTS) e outras contribuições.
A24: 2.2 | B24: GPS, FGTS e outras contribuições | C24: Percentual (%) | D24: Valor (R$)
A25: A | B25: INSS | C25: 0.2 | D25: =(C11+C20)*C25 -> 502.75513
A26: B | B26: Salário Educação | C26: 0.025 | D26: =(C11+C20)*C26 -> 62.844391
A27: C | B27: SAT | C27: 0.03 | D27: =(C11+C20)*C27 -> 75.41327
A28: D | B28: SESC ou SESI | C28: 0.015 | D28: =(C11+C20)*C28 -> 37.706635
A29: E | B29: SENAI - SENAC | C29: 0.01 | D29: =(C11+C20)*C29 -> 25.137757
A30: F | B30: SEBRAE | C30: 0.006 | D30: =(C11+C20)*C30 -> 15.082654
A31: G | B31: INCRA | C31: 0.002 | D31: =(C11+C20)*C31 -> 5.0275513
A32: H | B32: FGTS | C32: 0.08 | D32: =(C11+C20)*C32 -> 201.10205
A33: Total | C33: =SUM(C25:C32) -> 0.368 | D33: =SUM(D25:D32) -> 925.06944
A35: Submódulo 2.3 - Benefícios Mensais e Diários.
A37: 2.3 | B37: Benefícios Mensais e Diários | C37: Valor (R$)
A38: A | B38: Transporte | C38: 0
A39: B | B39: Auxílio Alimentação | C39: ='Memória Cálculo'!D93 -> 432.3942
A40: C | B40: PLANO BSF | C40: ='Memória Cálculo'!D98 -> 24.1
A41: D | B41: Outros (especificar) | C41: 0
A42: Total | C42: =SUM(C38:C41) -> 456.4942
A44: Quadro-Resumo do Módulo 2 - Encargos e Benefícios anuais, mensais e diários
A46: 2 | B46: Encargos e Benefícios Anuais, Mensais e Diários | C46: Valor (R$)
A47: 2.1 | B47: 13º (décimo terceiro) Salário, Férias e Adicional de Férias | C47: =C20 -> 409.21929
A48: 2.2 | B48: GPS, FGTS e outras contribuições | C48: =D33 -> 925.06944
A49: 2.3 | B49: Benefícios Mensais e Diários | C49: =C42 -> 456.4942
A50: Total | C50: =SUM(C47:C49) -> 1790.7829
A53: Módulo 3 - Provisão para Rescisão
A55: 3 | B55: Provisão para Rescisão | C55: Valor (R$)
A56: A | B56: Aviso Prévio Indenizado | C56: ='Memória Cálculo'!B160 -> 59.701076
A57: B | B57: Incidência do FGTS sobre o Aviso Prévio Indenizado | C57: ='Memória Cálculo'!D160 -> -7.0071051
A58: C | B58: Aviso Prévio Trabalhado | C58: ='Memória Cálculo'!C160 -> 43.122273
A59: Total | C59: =SUM(C56:C58) -> 95.816244
A62: Módulo 4 - Custo de Reposição do Profissional Ausente
A64: Quadro-Resumo do Módulo 4 - Custo de Reposição do Profissional Ausente
A66: 4 | B66: Custo de Reposição do Profissional Ausente | C66: Valor (R$)
A67: 4.1 | B67: Ausências Legais | C67: ='Memória Cálculo'!E207 -> 321.89165
A68: 4.2 | B68: Intrajornada | C68: 0
A69: Total | C69: =SUM(C67:C68) -> 321.89165
A72: Módulo 5 - Insumos Diversos
A74: 5 | B74: Insumos Diversos | C74: Valor (R$)
A75: A | B75: Uniformes | C75: ='Memória Cálculo'!C236 -> 21.76
A76: B | B76: Materiais | C76: 0
A77: C | B77: Equipamentos | C77: 0
A78: D | B78: Outros (especificar) | C78: 0
A79: Total | C79: =SUM(C75:C78) -> 21.76
A82: Módulo 6 - Custos Indiretos, Tributos e Lucro
A84: 6 | B84: Custos Indiretos, Tributos e Lucro | C84: Percentual (%) | D84: Valor (R$) | E84: =D85+D86+E93 -> 0
A85: A | B85: Custos Indiretos | C85: ='Memória Cálculo'!B246 -> 0.06
A86: B | B86: Lucro | C86: ='Memória Cálculo'!B248 -> 0.0679
A87: C | B87: Tributos | C87: 0.0865 | E87: =1-0.0865 -> 0.9135
B88: C.1. Tributos Federais | C88: 0.0365
B89: C.2. Tributos Estaduais | E89: =D87/E87 -> 0
B90: C.3. Tributos Municipais | C90: 0.05
A91: Cálculo CITL | C91: ='Memória Cálculo'!C253 -> 0.25354778 | D91: ='Memória Cálculo'!D253 -> 1099.0807 | E91: =D85+D86+D87 -> 0
A92: Obs.: Percentual do CITL: obtido através da fórmula adotada pela FIA: 25,97% = ((1+CI)/(1-T-L))-1
E93: =E89*C87 -> 0
A95: 2. QUADRO-RESUMO DO CUSTO POR EMPREGADO
B97: Mão de obra vinculada à execução contratual (valor por empregado) | C97: Valor (R$)
A98: A | B98: Módulo 1 - Composição da Remuneração | C98: =C11 -> 2104.5564
A99: B | B99: Módulo 2 - Encargos e Benefícios Anuais, Mensais e Diários | C99: =C50 -> 1790.7829
A100: C | B100: Módulo 3 - Provisão para Rescisão | C100: =C59 -> 95.816244
A101: D | B101: Módulo 4 - Custo de Reposição do Profissional Ausente | C101: =C69 -> 321.89165
A102: E | B102: Módulo 5 - Insumos Diversos | C102: =C79 -> 21.76
A103: Subtotal (A + B +C+ D+E) | C103: =SUM(C98:C102) -> 4334.8072
A104: F | B104: Módulo 6 – Custos Indiretos, Tributos e Lucro | C104: =D91 -> 1099.0807
A105: Valor Total por Empregado | C105: =SUM(C103:C104) -> 5433.8879
A107: Memória de Cálculo:
A108: Módulo 1: | B108: A remuneração é definida no art. 457 da Consolidação das Leis do Trabalho. É composta por Salário Base, Adicional de insalubridade e gratificações, quando houver. O Salário Base vem definido na Convenção Coletiva de Trabalho da categoria profissional a ser contratada para o objeto da prestação de serviço. Pode ser pago de modo proporcional, conforme a carga horária contratada, neste caso proporcional a carga horária contratada foi de 40 horas semanais. A CCT que serviu de base para este estudo abrange o município de Pedras Altas/RS, local da prestação de serviço e está vigente até 31/12/2025, NÚMERO DE REGISTRO NO MTE: RS000040/2025 - SINDICATO DAS EMPRESAS DE ASSEIO E CONSERVACAO DO ESTADO DO RS, CNPJ n. 87.078.325/0001-75, sua autenticidade pode ser conferida no endereço http://www3.mte.gov.br/sistemas/mediador/. Os adicionais de periculosidade ou insalubridade, em conformidade com os art. 192 e 193 da CLT, dependem da natureza do serviço a ser prestado, neste caso foi utilizadoo grau máxmo de 40%, pois segundo Cláusula DÉCIMA SÉTIMA, alínea "A" da CCT " os(as) trabalhadores que limpem/higienizem instalações sanitárias de uso público ou coletivo de grande circulação, e na respectiva coleta de lixo, entendendo-se por “instalações sanitárias de uso público” aquelas em que o acesso independe da autorização do titular do estabelecimento e é livre ao público em geral, e entendendo-se por “instalações sanitárias de grande circulação aquelas utilizadas por mais de vinte pessoas ao dia;", como a prestação do serviço se dará em ambiente escolar com um número elevado de cirsulação de pessoas, se aplicou o grau máximo de insalubridade previsto. Conforme jurisprudência do TST, o adicional deve ser integralmete pago, ainda que a jornada de trabalho seja reduzida.
A109: Módulo 2: | B109: Submódulo 2.2 - Previsto no art. 195 da Constituição Federal. Os percentuais informados não são taxativos e deverão observar o enquadramento real das empresas prestadoras de serviço, em especial no que diz respeito ao SAT-GIIL/RAT. Submódulo 2.3 - O cálculo de benefícios mensais e diários dependerá das disposições constantes em Convenção Coletiva de Trabalho sobre os direitos negociados aos trabalhadores, observando sempre o custo efetivo a ser suportado pela Administração no contrato de prestação de serviços (descontados os valores arcados pelos empregados).
A110: Módulo 3: | B110: Submódulo 3.1 - Quando ocorrer a demissão de uma trabalhador e a empresa não conceder prazo de aviso prévio, o trabalhador terá direito a receber o salário referente ao mês completo, conforme dispõe o art. 487 § 1º da CLT. A metodologia utilizada computa todos os direitos do trabalhador, aplicando a proporcionalidade estimada de ocorrência de aviso prévio indenizado, realizando provisionamento mensal do custo. Estes custos deverão ser apreciados atentamente nos casos de prorrogação contratual para verificar a necessidade de sua renovação ou não. Deverão, ainda, ser observados os ditames da Lei nº 12.506, de 2011 e seus impactos no custo quando das prorrogações contratuais. Submódulo 3.2 - Quando ocorrer a demissão de um trabalhador com aviso prévio, o trabalhador cumprirá os dias em atividade, e terá direito a receber o salário referente ao mês completo, conforme dispõe o art. 487 § 1º da CLT. A metodologia utilizada computa todos os direitos do trabalhador, aplicando a proporcionalidade estimada de ocorrência de aviso prévio trabalhado, realizando provisionamento mensal do custo. Estes custos deverão ser apreciados atentamente nos casos de prorrogação contratual para verificar a necessidade de sua renovação ou não. Deverão, ainda, ser observados os ditames da Lei nº 12.506, de 2011, e seus impactos no custo quando das prorrogações contratuais. Submódulo 3.3 - Na hipótese de demissão por justa causa o empregado perde o direito ao pagamento de 13° salário, férias e adicional de férias, como previsto no parágrafo único do art. 146 da CLT. Para estes casos, na metodologia utilizada, haverá o desconto dos valores que, por tratar-se de provisão mensal, deverão ser reduzidos da fatura da empresa contratada. Igualmente, o cômputo de custos com demissão por justa causa considera a probabilidade de ocorrência desta para provisionamento.
A111: Módulo 4: | B111: O Custo de reposição do profissional ausente refere-se ao custo necessário para substituir, no posto de trabalho, o profissional residente quando estiver em gozo de férias ou no caso de um das ausências legais previstas no art 473 da Consolidação das Leis do Trabalho. Na metodologia empregada utiliza-se uma probabilidade de ocorrência, mediante estatísticas da Relação Anual de Informações Sociais-2016 (RAIS/MTE), da Pesquisa Nacional por Amostra de Domicílios-2016 (PNAD/IBGE), do Registro Civil (IBGE)-2016. São computados, então, a probabilidade de dias de ausência para cobertura, conforme escala de trabalho mensal. Para jornadas jornadas 12x36h a necessidade de reposição incide somente em 50% do dias de ausência devido à escala. Na jornada 44h computa-se somente a reposição nos dias úteis, portanto, 68,77% da ausência total.68,77% = 251 dias úteis/365 dias do ano. o Cáculo dos dias úteis foi feito no site: https://www.dias-uteis.com/Rio%20Grande%20do%20Sul.htmVeja Caderno: https://www.gov.br/compras/pt-br/agente-publico/cadernos-tecnicos-e-valores-limites/cts-2019/ct_lim_rs_2019.pdf. Submódulo 4.1 - Destina-se ao cálculo do custo estimado para a reposição de ausências legais do empregado residente. Na metodologia utilizada computa-se o custo total de um empregado, com direito à remuneração, 13° salário, férias, encargos e benefícios, bem como probabilidade de rescisão, para a base de cálculo do presente submódulo que, em seguida, servirá para estipular o custo diário de um profissional para a contratação. Com base neste custo diário estima-se o custo mensal com reposição de profissional ausente. Submódulo 4.2 - Destina-se a calcular o custo de um repositor para cobertura do tempo de concessão do intervalo para repouso e alimentação, previsto no art. 71 da Consolidação das Leis do Trabalho, ao empregado residente. Na metodologia utilizada, calcula-se o custo da hora de trabalho e multiplica-se pela necessidade de horas de cobertura no mês. Por tratar-se de condição excepcional, dependerá de decisão do órgão contratante, bem como de disposições constantes da Convenção Coletiva quanto ao tempo de intervalo e ao adicional para pagamento. Neste caso cabe à administração pública decidir se esse custo será considerado na formação do preço, pois se trata de um contrato de 10 meses. O cálculo é útil, caso houver previsão contratual para substituição em horas ou dias, em virtude de afastamentos temporários e imprevissíveis mas dentro das mormais legais trabalhistas.
A112: Módulo 5: | B112: Os uniformes de que trata o módulo 5 será composto de 02 calças; 02 camisetas ou jaleco e 01 par de botinas, o preço utilizado foi uma média da pesquisa de preço realizada no mercado, ficando a critério de cada empresa informar seu custo real.

Sheet Caged-Limpeza
B3: http://bi.mte.gov.br/cagedestabelecimento/pages/consulta.xhtml#filtroNivelSetorial
C6: CAGED LEI Nº 4923/65
B7: MINISTÉRIO DO TRABALHO E PREVIDÊNCIA SOCIAL
B9: Secretaria de Políticas Públicas de Emprego
B10: Departamento de Emprego e Salário
B11: Coordenação Geral de Estatísticas de Trabalho
B13: CAGED ESTABELECIMENTO
B14: Demonstrativo Por Período
B16: 3132 - RIO GRANDE DO SUL
B17: Admissões
B18: Primeiro Emprego | E18: 649
B19: Reemprego | E19: 20416
B20: Início de Contrato por Prazo Determinado | E20: 294
B21: Reintegração | E21: 12
B22: Transferência de Entrada | E22: 0
B23: Total | E23: 21371
B24: Desligamentos
B25: Dispensados | E25: 9763 | G25: =E25/E35 -> 0.51917043
B26: Dispensado Com Justa Causa | E26: 322 | G26: =E26/E35 -> 0.017123106 | H26: =E25/E35 -> 0.51917043
B27: Dispensado Sem Justa Causa | E27: 9441 | G27: =E27/E35 -> 0.50204733
B28: Espontâneos | E28: 4220 | G28: =E28/$E$35 -> 0.2244084 | H28: =+G28+G29+G30+G31+G32+G33+G34 -> 0.48082957
B29: Fim de Contrato por Prazo Determinado | E29: 295 | G29: =E29/$E$35 -> 0.015687317
B30: Término de Contrato | E30: 4462 | G30: =E30/$E$35 -> 0.23727732
B31: Aposentados | E31: 4 | G31: =E31/$E$35 -> 0.00021270939
B32: Mortos | E32: 61 | G32: =E32/$E$35 -> 0.0032438181
B33: Transferência de Saída | E33: 0 | G33: =E33/$E$35 -> 0
B34: Acordo | E34: 0 | G34: =E34/$E$35 -> 0
B35: Total | E35: =SUM(E26:E34) -> 18805 | H35: =SUM(H25:H34) -> 1
B36: Indicadores
B37: Estoque Base para Recuperação: 01/01/2021 | E37: 0
B38: Estoque Recuperado Início do Período (01/01/2019) | E38: 0
B39: Estoque Recuperado Final do Período (31/12/2019) | E39: 2394
B40: Variação Emprego Absoluta de 01/01/2019 a 31/12/2019 | E40: 2394
B43: Nota: Quando marcada a opção "Considerar Acertos", as informações dos últimos doze meses contemplam as declarações fora do prazo, exceto o último mês disponível, estando sujeitas a alterações.

Sheet Uniformes
B3: Itens
B4: Coluna1 | C4: Coluna2 | D4: Coluna3 | E4: Coluna4 | F4: Coluna5 | G4: Coluna6 | H4: Coluna7 | I4: Coluna8 | J4: Coluna9 | K4: Coluna10
B5: Descrição | C5: qte ano | D5: Empresa A | E5: Empresa B | F5: Empresa C | G5: Empresa D | H5: Empresa E | I5: Empresa F | J5: Valor médio | K5: VALOR ANUAL
B7: Calça de algodão, de cor clara (exceto branca), longa, com elástico e cordão. | C7: 2 | D7: 1 | E7: 1 | F7: 1 | G7: =(D7+E7+F7)/3 -> 1 | H7: 1 | I7: 1 | J7: =(D7+E7+F7+H7+I7)/5 -> 1 | K7: =J7*C7 -> 2
B8: Jaleco de algodão, manga curta , cor clara (exceto branca), com gola, com botões para fechamento frontal e lapela por cima dos botões | C8: 2 | D8: 1 | E8: 1 | F8: 1 | G8: =(D8+E8+F8)/3 -> 1 | H8: 1 | I8: 1 | J8: =(D8+E8+F8+H8+I8)/5 -> 1 | K8: =J8*C8 -> 2
B9: Sapato fechado preto solado antiderrapante com certificado de autorização do Ministério do Trabalho e Emprego. | C9: 2 | D9: 1 | E9: 1 | F9: 1 | G9: =(D9+E9+F9)/3 -> 1 | H9: 1 | I9: 1 | J9: =(D9+E9+F9+H9+I9)/5 -> 1 | K9: =J9*C9 -> 2
B10: Luva de proteção | C10: 2 | D10: 1 | E10: 1 | F10: 1 | G10: =(D10+E10+F10)/3 -> 1 | H10: 1 | I10: 1 | J10: =(D10+E10+F10+H10+I10)/5 -> 1 | K10: =J10*C10 -> 2
B11: Touca de algodão, cor clara (exceto branca), com elástico para proteção dos cabelos. | C11: 2 | D11: 1 | E11: 1 | F11: 1 | G11: =(D11+E11+F11)/3 -> 1 | H11: 1 | I11: 1 | J11: =(D11+E11+F11+H11+I11)/5 -> 1 | K11: =J11*C11 -> 2

Sheet CONTRATAÇÃO PF
A1: PLANILHA DE CUSTOS E FORMAÇÃO DE PREÇOS
A2: CONTRATAÇÃO PESSOA FÍSICA
A3: FORMAÇÃO DE CUSTO MENSAL PARA UM EMPREGADO - AUXILIAR DE SERVIÇOS GERAIS CBO 5143
A5: Módulo 1 - Composição da Remuneração
A7: 1 | B7: Composição da Remuneração | C7: Valor (R$)
A8: A | B8: Salário-Base (Adaptado para 40 horas semanais) | C8: ='Memória Cálculo'!B21 -> 1503.2545
A9: B | B9: Adicional de Periculosidade | C9: 0
A10: C | B10: Adicional de Insalubridade (40% s/salário base da categoria cfe. C17 da CCT) | C10: ='Memória Cálculo'!D33 -> 601.30182
A11: D | B11: Adicional Noturno | C11: 0
A12: E | B12: Adicional de Hora Noturna Reduzida | C12: 0
C13: 0
A14: G | B14: Outros (especificar) | C14: 0
A15: Total | C15: =SUM(C8:C14) -> 2104.5564
A17: Módulo 2 - Benefícios Anuais, Mensais e Diários
A19: 2 | B19: Benefícios Mensais e Diários | C19: Valor (R$)
A20: A | B20: Transporte | C20: 0
A21: B | B21: Auxílio Alimentação | C21: ='Memória Cálculo'!D93 -> 432.3942
A22: C | B22: PLANO BSF | C22: ='Memória Cálculo'!D98 -> 24.1
A23: D | B23: Outros (especificar) | C23: 0
A24: Total | C24: =SUM(C20:C23) -> 456.4942
A26: 2. QUADRO-RESUMO DO CUSTO POR EMPREGADO
B28: Mão de obra vinculada à execução contratual (valor por empregado) | C28: Valor (R$)
A29: A | B29: Módulo 1 - Composição da Remuneração | C29: =C15 -> 2104.5564
A30: B | B30: Módulo 2 - Benefícios Anuais, Mensais e Diários | C30: =C24 -> 456.4942
A31: Valor Total por Empregado | C31: =SUM(C29:C30) -> 2561.0506

Sheet Custo M2
A1: ÁREA INTERNA
A2: CONTRATAÇÃO PESSOA FÍSICA | B2: 1 | D2: 2 | E2: (1x2)
B3: PRODUTIVIDADE | D3: PREÇO HOMEM/MÊS | E3: SUBTOTAL
B4: Fórmula | C4: Coeficiente | D4: (R$) | E4: (R$/M²)
A5: ='Memória Cálculo'!A21 -> Cargo A - Auxiliar de Serviços Gerais - CBO 5143 | B5: 1/800 | C5: =1/800 -> 0.00125 | D5: ='Memória Cálculo'!B265 -> 5433.8879 | E5: =C5*D5 -> 6.7923599
A6: Total | E6: =SUM(E5) -> 6.7923599
A8: ÁREA EXTERNA
A9: MÃO DE OBRA | B9: 1 | D9: 2 | E9: (1x2)
B10: PRODUTIVIDADE | D10: PREÇO HOMEM/MÊS | E10: SUBTOTAL
B11: Fórmula | C11: Coeficiente | D11: (R$) | E11: (R$/M²)
A12: =A5 -> Cargo A - Auxiliar de Serviços Gerais - CBO 5143 | B12: 1/(1200) | C12: =1/1200 -> 0.00083333333 | D12: ='Memória Cálculo'!B265 -> 5433.8879 | E12: =C12*D12 -> 4.5282399
A13: Total | E13: =SUM(E12) -> 4.5282399
A15: ESQUADRIA EXTERNA
A16: MÃO DE OBRA | B16: 1 | D16: 2 | E16: 3 | F16: 4 | G16: 5 | H16: (4x5)
B17: PRODUTIVIDADE | D17: FREQUENCIA NO MÊS (HORAS) | E17: JORNADA DE TRABALHO NO MÊS (HORAS) | F17: ( 1 X 2 X 3 ) | G17: PREÇO HOMEM/MÊS | H17: SUBTOTAL
B18: Fórmula | C18: Coeficiente | E18: (1/191,40) | G18: (R$) | H18: (R$/M²)
A19: SERVENTE | B19: 1/(30 x 220) | C19: 0.0045455 | D19: 16 | E19: =1/191.4 -> 0.0052246604 | F19: =C19*D19*E19 -> 0.0003799791 | G19: ='Memória Cálculo'!B265 -> 5433.8879 | H19: =F19*G19 -> 2.0647638
A20: Total | H20: =SUM(H19) -> 2.0647638
A22: FACHADA ENVIDRAÇADA - FACE EXTERNA
A23: MÃO DE OBRA | B23: 1 | D23: 2 | E23: 3 | F23: 4 | G23: 5 | H23: (4x5)
B24: PRODUTIVIDADE | D24: FREQUENCIA NO SEMESTRE (HORAS) | E24: JORNADA DE TRABALHO NO SEMESTRE (HORAS) | F24: ( 1 X 2 X 3 ) | G24: PREÇO HOMEM-MÊS | H24: SUBTOTAL
C25: (1/M²) | E25: (1/1.148,4) | G25: (R$) | H25: (R$/M²)
A26: SERVENTE | B26: 1/(110) | C26: =1/110 -> 0.0090909091 | D26: 8 | E26: =1/1148.4 -> 0.00087077673 | F26: =C26*D26*E26 -> 6.3329217e-05 | G26: ='Memória Cálculo'!B265 -> 5433.8879 | H26: =F26*G26 -> 0.34412387
A27: Total | H27: =SUM(H26) -> 0.34412387
A30: TIPO DE ÁREA | B30: PREÇO UNITÁRIO
B31: (R$/M²)
A32: I - Área Interna | B32: =E6 -> 6.7923599
A33: II - Área Externa | B33: =E13 -> 4.5282399
A34: III - Esquadria Externa | B34: =H20 -> 2.0647638
A35: IV - Fachada Envidraçada | B35: =H27 -> 0.34412387

Sheet ANEXO I
A1: Estado do Rio Grande do Sul
A2: Prefeitura Municipal de Pedras Altas
A3: SEC. MUN. DE EDUCAÇÃO, CULTURA E DESPORTO
A6: ANEXO I
A12: CONVENÇÃO COLETIVA DE TRABALHO 2025
A14: NÚMERO DE REGISTRO NO MTE: RS000040/2025 DATA DE REGISTRO NO MTE: 09/01/2025 NÚMERO DA SOLICITAÇÃO: MR075758/2024 NÚMERO DO PROCESSO: 47997.201291/2025-14 DATA DO PROTOCOLO: 07/01/2025 Confira a autenticidade no endereço http://www3.mte.gov.br/sistemas/mediador/
